 Dungeon Crawl Stone Soup version 0.25.1-9-gc5326a611f (webtiles) character file.

Game seed: 2170936494233537349

688 Descartes the Skirmisher (level 7, -2/55 HPs)
             Began as a Demonspawn Chaos Knight on Dec 30, 2020.
             Was a Plaything of Xom.
             Slain by an orc warrior
             ... wielding a +0 glaive
              (13 damage)
             ... on level 4 of the Dungeon.
             The game lasted 00:09:49 (4802 turns).

Descartes the Skirmisher (Demonspawn Chaos Knight)  Turns: 4802, Time: 00:09:52

Health: -2/55      AC: 11    Str: 14    XL:     7   Next: 36%
Magic:  0/8        EV:  7    Int: 14    God:    Xom [.*....]
Gold:   193        SH:  0    Dex: 12    Spells: 6/6 levels left

rFire    . . .     SeeInvis .   a - +0 falchion (chaos)
rCold    . . .     Gourm    .   (no shield)
rNeg     . . .     Faith    .   j - +0 plate armour (curse)
rPois    .         Spirit   +   (no helmet)
rElec    .         Reflect  .   (no cloak)
rCorr    .         Harm     .   (no gloves)
MR       .....                  (no boots)
Stlth    ..........             (no amulet)
HPRegen  0.18/turn              (no ring)
MPRegen  0.11/turn              (no ring)

@: invisible
A: talons 1, repulsion field 1, magic shield
a: Renounce Religion


You were on level 4 of the Dungeon.
You worshipped Xom.
You were a plaything of Xom.
You were not hungry.

You visited 1 branch of the dungeon, and saw 4 of its levels.

You collected 193 gold pieces.

Inventory:

Hand Weapons
 a - a +0 falchion of chaos (weapon)
 b - a +4 hunting sling
 z - a +2 short sword of draining
Missiles
 h - 125 stones
 k - 41 bolts
 n - 47 poisoned darts (quivered)
 r - 23 sling bullets
 s - 52 arrows
 w - 6 javelins
 G - a throwing net
Armour
 j - a cursed +0 plate armour (worn)
 m - a +0 pair of boots
 t - a +2 leather armour
 x - a +1 leather armour of poison resistance
Wands
 v - a wand of enslavement (7)
 A - a wand of flame (21)
Scrolls
 d - a scroll of blinking {unknown}
 e - 2 scrolls of identify
 f - 3 scrolls of teleportation {unknown}
 g - 2 scrolls of fear {unknown}
 i - a scroll of fog {unknown}
 l - 2 scrolls of amnesia {unknown}
 o - 2 scrolls of enchant weapon {unknown}
 p - 2 scrolls of noise {unknown}
 q - 3 scrolls of remove curse {unknown}
 y - a scroll of immolation {unknown}
 E - a scroll of enchant armour {unknown}
Potions
 u - 3 potions of stabbing
 B - a potion of magic
 D - 2 potions of curing
Comestibles
 c - 9 rations
 F - 6 chunks of flesh


   Skills:
 + Level 4.5 Fighting
 + Level 4.0 Long Blades
 + Level 2.5 Throwing
 + Level 3.5 Armour
 + Level 3.1 Dodging
 + Level 2.5 Evocations


You had 6 spell levels left.
You didn't know any spells.
Your spell library was empty.

Dungeon Overview and Level Annotations

Branches:
Dungeon (4/15)
 Temple: D:4-7

Altars:
Cheibriados
Fedhas
Gozag
Sif Muna
Xom
Zin


Innate Abilities, Weirdness & Mutations

You have sharp toenails.
You are surrounded by a mild repulsion field. (EV +2)
When hurt, damage is shared between your health and your magic reserves.


Message History

The orc priest invokes the aid of Beogh against you.
Pain shoots through your body!
The orc wizard hits you but does no damage.
Unknown command.
Xom grants you insight.
You detect nothing.
You are now a plaything of Xom.
The orc priest barely misses you. The orc wizard barely misses you.
You're too confused to move!
The orc priest completely misses you. The orc warrior barely misses you.
The orc wizard hits you but does no damage.
You're too confused!
You fade into invisibility!
You feel less confused. The orc hits you but does no damage.
The orc priest hits you. The orc wizard casts a spell at you.
The magic dart hits you!
* * * LOW HITPOINT WARNING * * *
The orc warrior hits you from afar with a +0 glaive!
You die...
Xom giggles madly!

.># ##.# ...#######
#........# # #..# #.# ##.
##.#..# #.# #...
.###.o#oo# #.# ...
..$..oo.@# #.# ..#
#..#..#o## #$# ..# ....
#.# #g#### ..##.# ##.. #.#
#gg..# ..##.# ... #.#
####.# ..#..#.### #.#
#####.# ###..# .## #.#
#).)÷.# .....###8######.##
#).####
#................####÷..##


You could see an orc warrior, an orc priest, an orc wizard and 3 orcs.

Vanquished Creatures
  A phantom (D:4)
  An ogre (D:3)
  A scorpion (D:4)
  An orc priest (D:4)
  2 orc wizards (D:4)
  A centaur skeleton (D:4)
  Natasha (D:2)
  Ijyb (D:3)
  Robin (D:4)
  7 adders
  A gnoll (D:4)
  An ooze (D:4)
  An adder skeleton (D:4)
  A worm (D:3)
  2 dart slugs
  A leopard gecko (D:1)
  10 orcs
  A ball python (D:4)
  6 giant cockroaches
  13 goblins
  8 hobgoblins
  6 jackals
  6 bats
  4 frilled lizards
  A jackal skeleton (D:4)
  9 kobolds
  8 rats
96 creatures vanquished.

Vanquished Creatures (collateral kills)
  Eustachio (D:4)
  An orc wizard (D:4)
  A hobgoblin (D:2)
  2 jackals (D:4)
  A kobold (D:2)
6 creatures vanquished.

Grand Total: 102 creatures vanquished

Notes
Turn   | Place    | Note
-------+----------+-------------------------------------------
     0 | D:1      | Descartes the Demonspawn Chaos Knight began the quest for
                  | the Orb.
     0 | D:1      | Reached XP level 1. HP: 18/18 MP: 1/1
    36 | D:1      | Reached skill level 1 in Dodging
   225 | D:1      | XOM: divination: detect items
   250 | D:1      | Gained mutation: You are surrounded by a mild repulsion
                  | field. (EV +2) [demonic ancestry]
   250 | D:1      | Reached XP level 2. HP: 24/24 MP: 2/2
   382 | D:1      | XOM: noise
   665 | D:1      | XOM: god gift: 16 poisoned darts
   803 | D:2      | Gained mutation: You have sharp toenails. [demonic
                  | ancestry]
   803 | D:2      | Reached XP level 3. HP: 15/29 MP: 3/3
  1007 | D:2      | XOM: cloud trail
  1457 | D:2      | XOM: silly message
  1532 | D:2      | XOM: 2-stop teleportation journey
  1696 | D:2      | Reached XP level 4. HP: 24/35 MP: 4/4
  1888 | D:2      | XOM: god gift: ration
  1920 | D:2      | XOM: cast spell 'Discord'
  2018 | D:2      | XOM: god gift: crooked iron wand {god gift}
  2386 | D:2      | Found a glowing silver altar of Zin.
  2387 | D:2      | Found an opulent altar of Gozag.
  2639 | D:3      | Noticed Natasha
  2649 | D:2      | Killed Natasha
  2649 | D:2      | Reached skill level 1 in Throwing
  2694 | D:3      | Noticed Ijyb
  2705 | D:3      | XOM: divination: magic mapping
  2712 | D:3      | Killed Ijyb
  2712 | D:3      | Reached XP level 5. HP: 13/42 MP: 5/5
  2745 | D:3      | XOM: divination: detect items
  2838 | D:3      | XOM: god gift: scroll labeled VIVORPHE FUXTE {god gift}
  2845 | D:3      | Found a snail-covered altar of Cheibriados.
  3009 | D:3      | XOM: smoke on damage
  3115 | D:3      | Noticed an ogre
  3120 | D:3      | Killed an ogre
  3120 | D:3      | Reached skill level 1 in Evocations
  3697 | D:4      | Found a shimmering blue altar of Sif Muna.
  3697 | D:4      | Found a blossoming altar of Fedhas.
  3732 | D:4      | Noticed a phantom
  3749 | D:4      | Killed a phantom
  3749 | D:4      | Gained mutation: When hurt, damage is shared between your
                  | health and your magic reserves. [demonic ancestry]
  3749 | D:4      | Reached XP level 6. HP: 46/48 MP: 5/7
  3837 | D:4      | XOM: summons friendly white imp
  3916 | D:4      | XOM: scenery: create altars
  4073 | D:4      | XOM: blink monster(s)
  4083 | D:4      | XOM: enchant monster (good)
  4084 | D:4      | XOM: polymorph orc -> gnoll
  4089 | D:4      | XOM: cast spell 'Ring of Flames'
  4302 | D:4      | XOM: noise
  4303 | D:4      | XOM: 2-stop teleportation journey
  4377 | D:4      | Noticed Eustachio
  4383 | D:4      | XOM: potion effect (stabbing)
  4403 | D:4      | XOM: summons friendly shadow imp
  4405 | D:4      | XOM: cast spell 'Summon Butterflies'
  4415 | D:4      | XOM: cast spell 'Dispersal'
  4429 | D:4      | XOM: divination: detect items
  4432 | D:4      | Killed Eustachio
  4432 | D:4      | Reached XP level 7. HP: 44/55 MP: 4/8
  4437 | D:4      | XOM: silly message
  4560 | D:4      | XOM: potion effect (brilliance)
  4664 | D:4      | Noticed Robin
  4680 | D:4      | Killed Robin
  4800 | D:4      | XOM: divination: detect items
  4802 | D:4      | Slain by an orc warrior

Illustrated notes

Levels and vault maps discovered:
D:1:      eino_arrival_tree_alley, layout_basic
D:2:      layout_basic, grunt_temple_overflow_gold_and_silver, first_ration,
          minmay_pentomino_pile
D:3:      layout_basic, old_standard_altar, uniq_natasha, uniq_ijyb
D:4:      layout_loops_corners, minitemple, amethyst_overflow_temple_binary,
          hangedman_decor_opposing, guppyfry_early_orc_mine, uniq_eustachio,
          uniq_robin

Skill      XL: |  1  2  3  4  5  6  7 |
---------------+----------------------+-----
Dodging        | 1 2 3 |  3.1
Armour         | 2 3 |  3.5
Long Blades    | 3 4 |  4.0
Throwing       | 1 2 |  2.5
Evocations     | 1 2 |  2.5
Fighting       | 4 |  4.5

Action                   |  1- 3 |  4- 6 |  7- 9 || total
-------------------------+-------+-------+-------++-------
Melee: Falchion          |    84 |   167 |    54 ||   305
       Kick              |     3 |    49 |    14 ||    66
 Fire: Hunting sling     |       |    62 |       ||    62
  Use: Potion            |     3 |     1 |     1 ||     5
       Scroll            |       |     4 |       ||     4
 Stab: Paralysed         |       |     1 |       ||     1
       Sleeping          |       |     1 |       ||     1
       Confused          |       |       |     1 ||     1
  Eat: Chunk             |     1 |     9 |     3 ||    13
Armor: Leather armour    |    14 |       |       ||    14
       Plate armour      |    11 |   228 |    37 ||   276
Dodge: Dodged            |    61 |    89 |    30 ||   180
       Rpst.: Falchion   |    16 |    19 |     3 ||    38
